 Dungeon Crawl Stone Soup version 0.28.0-45-g0d030f2227 (webtiles) character file.

Game seed: 2039000795614418479

135 101zpm the Chiller (level 4, -1/34 HPs)
             Began as a Draconian Ice Elementalist on Apr 17, 2022.
             Slain by a kobold brigand
             ... wielding a +0 club
              (5 damage)
             ... on level 3 of the Dungeon.
             The game lasted 00:03:53 (2759 turns).

101zpm the Chiller (Draconian Ice Elementalist)     Turns: 2759, Time: 00:03:53

Health: -1/34      AC:  9    Str: 11    XL:     4   Next: 97%
Magic:  5/7        EV: 12    Int: 17    God:
Gold:   83         SH:  0    Dex: 11    Spells: 6/7 levels left

rFire   . . .      SeeInvis .   o - +0 triple sword
rCold   . . .      Faith    .   (shield currently unavailable)
rNeg    . . .      Spirit   .   (armour unavailable)
rPois   .          Reflect  .   (helmet restricted)
rElec   .          Harm     .   m - scarf {+Inv}
rCorr   .          Rampage  .   (no gloves)
Will    .....                   (no boots)
Stlth   ++........              (no amulet)
HPRegen 0.11/turn               a - +4 ring of protection
MPRegen 0.10/turn               (no ring)

@: lethally poisoned (-1 -> -6), slowed, very slow
A: AC +5, unfitting armour, cold-blooded
a: Evoke Invisibility


You were on level 3 of the Dungeon.
You visited 1 branch of the dungeon, and saw 3 of its levels.

You collected 83 gold pieces.

Inventory:

Hand Weapons
 b - a +0 short sword
 i - a +0 spear
 o - a +0 triple sword (weapon)
Armour
 c - a +0 scale mail
 l - a +0 helmet
 m - a scarf of invisibility (worn)
Jewellery
 a - a +4 ring of protection (left hand)
 k - a ring of see invisible
Scrolls
 d - a scroll of enchant weapon {unknown}
 e - a scroll of identify {unknown}
 f - a scroll of blinking {unknown}
 h - a scroll of magic mapping {unknown}
 n - a scroll of enchant armour {unknown}
Potions
 g - a potion of cancellation {unknown}
 j - 2 potions of flight {unknown}


   Skills:
 + Level 0.4 Fighting
 + Level 1.4 Short Blades
 + Level 0.2(0.9) Long Blades
 + Level 0.4 Polearms
 + Level 2.8 Dodging
 + Level 2.9 Stealth
 + Level 2.3 Spellcasting
 + Level 4.5 Ice Magic


You had 6 spell levels left.
You knew the following spells:

 Your Spells              Type           Power      Damage    Failure   Level
a - Freeze                Ice            68%        1d8       3%          1

Your spell library contained the following spells:

 Spells                   Type           Power      Damage    Failure   Level
 Frozen Ramparts          Ice            34%        1d5       9%          3
 Ozocubu's Armour         Ice            17%        N/A       9%          3
 Ensorcelled Hibernation  Hex/Ice        18%        N/A       11%         2
 Shock                    Conj/Air       4%         1d3       19%         1
 Call Canine Familiar     Summ           1%         N/A       50%         3
 Gell's Gravitas          Tloc           1%         N/A       50%         3
 Portal Projectile        Hex/Tloc       2%         N/A       50%         3
 Spider Form              Tmut/Pois      1%         N/A       50%         3
 Swiftness                Air            1%         N/A       50%         3
 Teleport Other           Tloc           1%         N/A       50%         3
 Tukima's Dance           Hex            1%         N/A       50%         3
 Hailstorm                Conj/Ice       9%         3d4       58%         4
 Airstrike                Air            0%         N/A       88%         4
 Anguish                  Hex/Necr       0%         N/A       88%         4
 Leda's Liquefaction      Hex/Erth       0%         N/A       88%         4
 Passage of Golubria      Tloc           1%         N/A       88%         4
 Yara's Violent Unravell  Hex/Tmut       0%         3d3       99%         5
 Dispersal                Tloc           0%         N/A       100%        6


Dungeon Overview and Level Annotations

Branches:
Dungeon (3/15)

Altars:

Shops:
D:1 :


Innate Abilities, Weirdness & Mutations

Your plain brown scales are hard. (AC +5)
You cannot fit into any form of body armour.
You are cold-blooded and may be slowed by cold attacks.


Message History

You closely miss the kobold.
A kobold brigand comes into view.
It is wielding a +0 club and quivering curare-tipped darts.
The kobold misses you. x2; The kobold barely misses you.
The kobold hits you with a +0 club.
You hit the kobold.
You kill the kobold!
The kobold hits you with a +0 club.
The kobold hits you but does no damage. x3
You slash the kobold!
You kill the kobold!
The kobold hits you but does no damage. The kobold closely misses you.
The kobold brigand throws a curare-tipped dart.
The curare-tipped dart hits you.
You are poisoned.
You have difficulty breathing.
You feel yourself slow down.
The kobold hits you but does no damage. x2
Aiming: Freeze (safe; 3% risk of failure)
Press: ? - help, Q - select action, (/) - cycle Shift-Dir - straight line, f - kobold
Aim: a kobold, wielding a +0 club You freeze the kobold.
You kill the kobold!
You feel very sick. The kobold closely misses you.
The kobold brigand throws a curare-tipped dart.
The curare-tipped dart hits you.
You are more poisoned.
You have difficulty breathing.
You feel as though you will be slow longer.
The kobold closely misses you.
Aiming: Freeze (safe; 3% risk of failure)
Press: ? - help, Q - select action, (/) - cycle Shift-Dir - straight line, f - kobold
Aim: a kobold, wielding a +0 club You freeze the kobold.
You kill the kobold!
* * * LOW HITPOINT WARNING * * *
You feel very sick.
You barely miss the kobold brigand.
* * * LOW HITPOINT WARNING * * *
You feel very sick.
The kobold brigand hits you with a +0 club.
You die...

.# #.# #..# #≈≈..).....#####. .#
#.# #..#..#≈.........#####. .#
#.# #..#..#≈...####.....#..
.###.## #.≈#..####..#####......
......## #.≈##..# ##............
.......## #.≈≈#..############....
........####≈≈##..#..............
...........≈≈≈≈#K)#.########.#...
..........#≈≈≈≈#@)#...†......##..
..........#≈≈≈≈#..#.#####.###....
(.........##≈≈##).#.# #.......#
.<..........≈≈#..##.#####..#....>
..........###≈#).#>.##.......##..
##.###....# #.#..#.#........###..
#.# #....###.#..#.#..#...###....
...##....#...........#..........
#...#................##...###....


You could see a kobold brigand.

Vanquished Creatures
  7 adders (D:2)
  A worm (D:3)
  4 dart slugs
  An orc (D:3)
  3 endoplasms
  A giant cockroach (D:2)
  5 goblins
  4 hobgoblins
  4 jackals (D:1)
  3 quokkas
  9 ball pythons
  3 bats
  2 frilled lizards
  11 kobolds
  4 rats
62 creatures vanquished.

Notes
Turn   | Place    | Note
-------+----------+-------------------------------------------
     0 | D:1      | 101zpm the Draconian Ice Elementalist began the quest for
                  | the Orb.
     0 | D:1      | Reached XP level 1. HP: 14/14 MP: 3/3
   108 | D:2      | Reached XP level 2. HP: 7/20 MP: 5/5
   596 | D:2      | Reached XP level 3. HP: 23/26 MP: 6/6
  1046 | D:2      | Reached skill level 1 in Short Blades
  1105 | D:2      | Reached XP level 4. HP: 33/33 MP: 7/7
  1383 | D:1      | Found Veedd's Book Boutique.
  1385 | D:1      | Found a faded altar of an unknown god.
  2754 | D:3      | Noticed a kobold brigand
  2759 | D:3      | Slain by a kobold brigand

Illustrated notes

Levels and vault maps discovered:
D:1:      lemuel_arrival_hallway, layout_rooms, serial_shops, shop,
          chequers_ecumenical_altar_simple, minmay_misc_feat_four_crosses
D:2:      layout_rooms, minmay_snake_closets
D:3:      cheibrodos_thug_alley, layout_rooms, minmay_cupped

Skill      XL: |  1  2  3 |
---------------+----------+-----
Dodging        | 2 |  2.8
Stealth        | 2 |  2.9
Short Blades   | 1 |  1.4
Fighting       | |  0.4
Long Blades    | |  0.2
Polearms       | |  0.4
Spellcasting   | |  2.3
Ice Magic      | |  4.5

Action                   |  1- 3 |  4- 6 || total
-------------------------+-------+-------++-------
Melee: Short sword       |    76 |    36 ||   112
       Unarmed           |     9 |       ||     9
       Tailslap          |     9 |    10 ||    19
       Triple sword      |       |    46 ||    46
       Spear             |       |    45 ||    45
       Punch             |       |     1 ||     1
 Cast: Freeze            |       |     9 ||     9
 Stab: Sleeping          |     5 |     4 ||     9
Armor: Skin              |    38 |    69 ||   107
Dodge: Dodged            |    61 |   116 ||   177
